 Dungeon Crawl Stone Soup version 0.29.0-7-g18a832c13a (webtiles) character file.

Game seed: 12302501009526306233

153 Leibowitz the Cutter (level 5, 0/33 HPs)
             Began as a Kobold Fighter on Aug 30, 2022.
             Slain by a scorpion (4 damage)
             ... on level 4 of the Dungeon.
             The game lasted 00:04:25 (3277 turns).

Leibowitz the Cutter (Kobold Fighter)               Turns: 3277, Time: 00:04:26

Health: 0/33       AC:  3    Str: 13    XL:     5   Next: 61%
Magic:  5/5        EV: 13    Int: 10    God:
Gold:   103        SH: 11    Dex: 16    Spells: 4/4 levels left

rFire   . . .      SeeInvis .   a - +0 rapier
rCold   . . .      Faith    .   c - +0 buckler
rNeg    . . .      Spirit   .   i - +0 leather armour
rPois   .          Reflect  +   (no helmet)
rElec   .          Harm     .   (no cloak)
rCorr   .          Rampage  .   (no gloves)
Will    .....                   (no boots)
Stlth   +++.......              f - amulet of reflection
HPRegen 0.11/turn               (no ring)
MPRegen 0.09/turn               (no ring)

@: lethally poisoned (0 -> -7)
A: small, no large weapons, nightstalker 3
a: no special abilities


You were on level 4 of the Dungeon.
You visited 1 branch of the dungeon, and saw 4 of its levels.

You collected 136 gold pieces.
You spent 33 gold pieces at shops.

Inventory:

Hand Weapons
 a - a +0 rapier (weapon)
Missiles
 l - 2 poisoned darts (quivered)
Armour
 c - a +0 buckler (worn)
 i - a +0 leather armour (worn)
Jewellery
 f - an amulet of reflection (around neck)
Wands
 o - a wand of iceblast (6)
Scrolls
 g - 3 scrolls of poison {unknown}
 j - 3 scrolls of vulnerability {unknown}
 n - a scroll of identify {unknown}
 q - a scroll of teleportation {unknown}
 r - a scroll of immolation {unknown}
Potions
 b - 2 potions of heal wounds {unknown}
 d - 2 potions of might
 e - 2 potions of magic {unknown}
 h - 4 potions of curing
 k - a potion of cancellation {unknown}
 m - 2 potions of flight {unknown}
 p - a potion of mutation {unknown}


   Skills:
 * Level 3.9 Fighting
 * Level 4.3 Short Blades
 + Level 2.7 Armour
 * Level 1.6 Dodging
 * Level 3.1 Stealth
 * Level 2.9 Shields


You had 4 spell levels left.
You didn't know any spells.
Your spell library contained the following spells:

 Spells                   Type           Power      Damage    Failure   Level
 Summon Guardian Golem    Hex/Summ       0%         N/A       91%         3
 Orb of Destruction       Conj           0%         9d5       100%        7
 Spellforged Servitor     Conj/Summ      0%         N/A       100%        7


Dungeon Overview and Level Annotations

Branches:
Dungeon (4/15)
 Temple: D:4-7

Altars:
Ashenzari
Dithmenos
Elyvilon
Nemelex Xobeh
Uskayaw
Vehumet

Shops:
D:2 (   D:3 !


Innate Abilities, Weirdness & Mutations

You are small and have problems with some larger weapons.
You are completely attuned to the shadows.


Message History

There is a stone staircase leading up here.
There is a stone staircase leading up here.
You now have 103 gold pieces (gained 10).
Found a ring mail.
A giant cockroach comes into view.
You catch the helpless giant cockroach completely off-guard!
You puncture the giant cockroach!
You kill the giant cockroach!
You see here a giant cockroach corpse.
A scorpion comes into view.
Found 8 gold pieces.
The scorpion misses you.
You closely miss the scorpion. The scorpion stings you.
You are poisoned.
The scorpion poisons you!
You hit the scorpion but do no damage.
You feel very sick. The scorpion closely misses you.
You puncture the scorpion!
The scorpion is heavily wounded.
You feel sick. The scorpion stings you.
You hit the scorpion but do no damage.
The scorpion is heavily wounded.
You feel sick. The scorpion stings you. You block the scorpion's attack.
You hit the scorpion.
The scorpion is heavily wounded.
You feel sick. The scorpion stings you.
* * * LOW HITPOINT WARNING * * *
You are lethally poisoned!
The scorpion poisons you!
You hit the scorpion but do no damage.
The scorpion is heavily wounded.
* * * LOW HITPOINT WARNING * * *
You feel very sick. The scorpion completely misses you.
You barely miss the scorpion.
The scorpion is heavily wounded.
* * * LOW HITPOINT WARNING * * *
You feel sick. The scorpion stings you.
You die...

#..# #...#.##..#
#$..#.##..#
#...#.##..#
.......#..##
...s@......###.#
.......#.......#
#.....###..###.#
#.....###..# #.#
...........# #.#
#...###†## #.#
#.####.####
#........[.
######.....


You could see a scorpion.

Vanquished Creatures
  Terence (D:3)
  Jessica (D:2)
  Ijyb (D:3)
  3 adders
  A worm (D:2)
  2 dart slugs
  4 bats
  6 endoplasms
  A giant cockroach (D:4)
  4 goblins
  6 kobolds
  A quokka (D:2)
  4 ball pythons
  2 frilled lizards
  6 rats
43 creatures vanquished.

Notes
Turn   | Place    | Note
-------+----------+-------------------------------------------
     0 | D:1      | Leibowitz the Kobold Fighter began the quest for the Orb.
     0 | D:1      | Reached XP level 1. HP: 14/14 MP: 1/1
   115 | D:1      | Reached XP level 2. HP: 19/19 MP: 2/2
   119 | D:1      | Found a faded altar of an unknown god.
   842 | D:2      | Reached skill level 3 in Short Blades
   842 | D:2      | Reached skill level 1 in Stealth
   842 | D:2      | Reached XP level 3. HP: 14/23 MP: 3/3
  1335 | D:2      | Reached skill level 1 in Dodging
  1402 | D:2      | Reached XP level 4. HP: 29/29 MP: 4/4
  1520 | D:2      | Found Ticylel's Weapon Boutique.
  1720 | D:2      | Noticed Jessica
  1735 | D:2      | Killed Jessica
  2247 | D:3      | Found a shadowy altar of Dithmenos.
  2302 | D:3      | Found a radiant altar of Vehumet.
  2389 | D:3      | Noticed Ijyb
  2400 | D:3      | Killed Ijyb
  2401 | D:3      | Reached skill level 4 in Short Blades
  2401 | D:3      | Reached XP level 5. HP: 31/33 MP: 5/5
  2436 | D:3      | Found Jabaas's Distillery.
  2439 | D:3      | Bought a potion of curing for 33 gold pieces
  2516 | D:3      | Noticed Terence
  2518 | D:3      | Killed Terence
  3058 | D:3      | Found a sparkling altar of Nemelex Xobeh.
  3073 | D:3      | Found a broken altar of Ashenzari.
  3144 | D:3      | Found a hide-covered altar of Uskayaw.
  3160 | D:3      | Found a white marble altar of Elyvilon.
  3277 | D:4      | Slain by a scorpion

Illustrated notes

Levels and vault maps discovered:
D:1:      giann_horns, layout_basic, chequers_ecumenical_altar_simple
D:2:      layout_loops_ring, serial_shops, nicolae_shop_bloodbath_and_beyond,
          st_stairs_9, kennysheep_cross_room, hangedman_decor_growths,
          amcnicky_mini_pool_small, uniq_jessica
D:3:      layout_basic, fiery_altar_vehumet, marbit_many_paths,
          nicolae_overflow_quartered_altars, serial_shops,
          nicolae_shop_behind_doors, uniq_ijyb, uniq_terence
D:4:      layout_loops_ring, serial_shops, shop_fountains,
          kennysheep_decorative_pillar, minmay_crystal_water,
          nicolae_shop_fire_sale [nicolae_sub_dead_trees]

Skill      XL: |  1  2  3  4  5 |
---------------+----------------+-----
Short Blades   | 3 4 |  4.3
Stealth        | 1 2 3 |  3.1
Dodging        | 1 |  1.6
Fighting       | |  3.9
Armour         | |  2.7
Shields        | |  2.9

Action                   |  1- 3 |  4- 6 || total
-------------------------+-------+-------++-------
Melee: Rapier            |    70 |    63 ||   133
 Stab: Sleeping          |     4 |     9 ||    13
       Distracted        |       |     1 ||     1
Armor: Scale mail        |     6 |       ||     6
       Leather armour    |     3 |     1 ||     4
Dodge: Dodged            |    31 |    21 ||    52
Block: Buckler           |    27 |    26 ||    53
       Reflection        |     2 |       ||     2
